 Dungeon Crawl Stone Soup version 0.28-a0-80-g9707f7362f (webtiles) character file.

Game seed: 1257353078147994858

141 dracfodder the Chopper (level 5, -1/33 HPs)
             Began as a Gargoyle Berserker on Aug 5, 2021.
             Was a Believer of Trog.
             Killed from afar by Sigmund (2 damage)
             ... with a puff of flame
             ... on level 2 of the Dungeon.
             The game lasted 00:07:58 (2217 turns).

dracfodder the Chopper (Gargoyle Berserker)         Turns: 2217, Time: 00:07:59

Health: -1/33      AC:  6    Str: 21    XL:     5   Next: 24%
Magic:  5/5        EV: 12    Int:  8    God:    Trog [**....]
Gold:   63         SH:  0    Dex:  9    Spells: 4/4 levels left

rFire   . . .      SeeInvis .   a - +0 hand axe
rCold   . . .      Faith    .   (no shield)
rNeg    + . .      Spirit   .   c - +0 animal skin
rPois   ∞          Reflect  .   (no helmet)
rElec   +          Harm     .   (no cloak)
rCorr   .          Rampage  .   (no gloves)
Will    .....                   (no boots)
Stlth   +.........              (no amulet)
HPRegen 0.11/turn               (no ring)
MPRegen 0.09/turn               (no ring)

@: mighty, on berserk cooldown, very slightly contaminated, slowed, invisible,
very slow
A: sickness immunity, AC +4, negative energy resistance 1, electricity
resistance, torment resistance 1, petrification resistance
a: Renounce Religion, Berserk, Trog's Hand


You were on level 2 of the Dungeon.
You worshipped Trog.
Trog was pleased with you.
You visited 1 branch of the dungeon, and saw 3 of its levels.

You collected 63 gold pieces.

Inventory:

Hand Weapons
 a - a +0 hand axe (weapon)
 b - a +0 hunting sling
Missiles
 f - 39 stones (quivered)
 h - 8 javelins
Armour
 c - a +0 animal skin (worn)
Scrolls
 i - a scroll of summoning
 k - a scroll of fear {unknown}
Potions
 d - a potion of invisibility
 g - a potion of brilliance {unknown}
 j - a potion of haste {unknown}


   Skills:
 + Level 3.9 Fighting
 * Level 4.3 Axes
 + Level 1.5 Slings
 + Level 2.3 Armour
 + Level 1.9 Dodging


You had 4 spell levels left.
You didn't know any spells.
Your spell library was empty.

Dungeon Overview and Level Annotations

Branches:
Dungeon (3/15)

Altars:

Shops:
D:1 (

Annotations:
D:2 Sigmund


Innate Abilities, Weirdness & Mutations

You are immune to sickness and miasma.
Your stone body is resilient. (AC +4)
You are immune to poison.
You resist negative energy. (rN+)
You are resistant to electric shocks. (rElec)
You are resistant to unholy torment.
You are immune to petrification.


Message History

Sigmund gestures at you while chanting. You resist with some effort.
You closely miss Sigmund.
Sigmund is almost dead.
You closely miss Sigmund.
Sigmund is almost dead.
Sigmund points at you and mumbles some strange words.
You are confused.
You barely miss Sigmund.
Sigmund is almost dead.
Sigmund zaps a wand.
The puff of flame misses you.
You bump into the rock wall.
You feel a strong urge to attack something.
Sigmund zaps a wand.
The puff of flame hits you!
You're too confused to move!
You are no longer berserk.
You are exhausted.
You feel yourself slow down.
Sigmund hits you from afar with a +2 scythe of protection.
You bump into the rock wall.
Sigmund mumbles some strange words.
Sigmund flickers and vanishes!
Deactivating autopickup; reactivate with Ctrl-A.
You bump into the rock wall.
A magic dart appears from out of thin air!
The magic dart hits you.
You hear a zap.
A puff of flame appears from out of thin air!
The puff of flame hits you.
* * * LOW HITPOINT WARNING * * *
You fade into invisibility!
You feel less confused. Something hits you!
* * * LOW HITPOINT WARNING * * *
You are very lightly contaminated with residual magic.
It was a potion of might.
You feel very mighty all of a sudden.
You hear a zap.
A puff of flame appears from out of thin air!
The puff of flame hits you.
You die...

######## ....... #......#
......@ #.####.# ......g #.#
#.# ....... #.# #.# .......
#.# #.# ....... #.# #.#
.......##########.####.#####
.......'r{)@.........†......
...(...##########.####.#####
####.############.# #.# #
........))..####.#
#####.))........#
#.########### #. #. #.


You could see a rat.

Vanquished Creatures
  Jessica (D:2)
  Robin (D:2)
  6 adders (D:2)
  A dart slug (D:2)
  2 ball pythons (D:1)
  4 bats
  3 endoplasms
  9 goblins (D:2)
  5 hobgoblins
  5 jackals
  2 kobolds (D:1)
  2 quokkas (D:1)
  4 frilled lizards
  3 rats
48 creatures vanquished.

Vanquished Creatures (others)
  4 plants (D:1)
4 creatures vanquished.

Grand Total: 52 creatures vanquished

Notes
Turn   | Place    | Note
-------+----------+-------------------------------------------
     0 | D:1      | dracfodder the Gargoyle Berserker began the quest for the
                  | Orb.
     0 | D:1      | Reached XP level 1. HP: 14/14 MP: 1/1
   591 | D:1      | Reached skill level 3 in Axes
   591 | D:1      | Reached XP level 2. HP: 19/19 MP: 2/2
   663 | D:1      | Found Ridgho's Antique Weapon Shoppe.
  1231 | D:2      | Reached XP level 3. HP: 13/23 MP: 3/3
  1506 | D:2      | Reached XP level 4. HP: 18/28 MP: 4/4
  1631 | D:2      | Reached skill level 1 in Slings
  1719 | D:2      | Noticed Jessica
  1724 | D:2      | Reached ** piety under Trog
  1733 | D:2      | Killed Jessica
  1734 | D:2      | Reached skill level 4 in Axes
  2087 | D:2      | Reached XP level 5. HP: 31/33 MP: 5/5
  2116 | D:2      | Noticed Robin
  2129 | D:2      | Killed Robin
  2192 | D:2      | Noticed Sigmund
  2216 | D:2      | HP: 1/33 [something (7)]
  2217 | D:2      | Killed from afar by Sigmund

Illustrated notes

Levels and vault maps discovered:
D:1:      eino_arrival_druids_welcome, layout_basic, serial_shops,
          nicolae_shop_stone, serial_bayou_crossing
D:2:      layout_basic, uniq_jessica, uniq_robin, uniq_sigmund
D:3:      layout_basic, jmf_multi_god_temple, serial_bayou_pond_c,
          minmay_fountain_box, uniq_natasha, uniq_crazy_yiuf_cottage, uniq_ijyb

Skill      XL: |  1  2  3  4 |
---------------+-------------+-----
Axes           | 3 4 |  4.3
Slings         | 1 |  1.5
Fighting       | |  3.9
Armour         | |  2.3
Dodging        | |  1.9

Action                   |  1- 3 |  4- 6 || total
-------------------------+-------+-------++-------
Melee: Hand axe          |   108 |    53 ||   161
 Fire: Hunting sling     |    24 |       ||    24
Invok: Berserk           |       |     2 ||     2
  Use: Scroll            |     4 |       ||     4
       Potion            |       |     2 ||     2
Armor: Animal skin       |    46 |    17 ||    63
Dodge: Dodged            |    71 |    32 ||   103

Table legend: (Time is in decaauts)
 A = Elapsed time spent in this place.
 B = Non-inter-level travel time spent in this place.
 C = Inter-level travel time spent in this place.
 D = Time resting spent in this place.
 E = Time spent auto-exploring this place.
 F = Levels seen in this place.
 G = Mean time per level.
                   A        B        C        D        E       F      G
               +--------+--------+--------+--------+--------+-----+--------+
         Total |   2258 |   2209 |     49 |    649 |   1039 |   3 |  752.7 |
       Dungeon |   2258 |   2209 |     49 |    649 |   1039 |   3 |  752.7 |
               +--------+--------+--------+--------+--------+-----+--------+

Top non-repeatable levels by time:
     D:1: 1165 daAuts
     D:2: 1076 daAuts
     D:3: 16 daAuts
